 Dungeon Crawl Stone Soup version 0.29.1-15-g9cfb28693d (webtiles) character file.

Game seed: 16152784813862939696

9 protoss039 the Digger (level 2, 20/20 HPs)
             Began as a Demonspawn Earth Elementalist on Apr 1, 2023.
             Got out of the dungeon alive.
             The game lasted 00:00:44 (447 turns).

protoss039 the Digger (DsEE)                         Turns: 447, Time: 00:00:45

Health: 20/20      AC:  2    Str:  8    XL:     2   Next: 6%
Magic:  5/5        EV: 12    Int: 16    God:
Gold:   20         SH:  0    Dex: 13    Spells: 4/5 levels left

rFire   . . .      SeeInvis .   c - +0 dagger
rCold   . . .      Faith    .   (no shield)
rNeg    . . .      Spirit   .   a - +0 robe
rPois   .          Reflect  .   (no helmet)
rElec   .          Harm     .   (no cloak)
rCorr   .          Rampage  .   (no gloves)
Will    .....                   (no boots)
Stlth   ++........              (no amulet)
HPRegen 0.06/turn               (no ring)
MPRegen 0.18/turn               (no ring)

@: no status effects
A: magic regeneration
a: no special abilities


You escaped.
You visited 1 branch of the dungeon, and saw 2 of its levels.

You collected 20 gold pieces.

Inventory:

Hand Weapons
 c - a +0 dagger (weapon)
Armour
 a - a +0 robe (worn)
Scrolls
 d - a scroll of identify {unknown}
Potions
 b - a potion of magic


   Skills:
 + Level 0.9 Fighting
 - Level 1.7 Dodging
 - Level 1.7 Stealth
 + Level 2.2 Spellcasting
 - Level 0.8 Transmutations
 + Level 2.9 Earth Magic


You had 4 spell levels left.
You knew the following spells:

 Your Spells              Type           Power      Damage    Failure   Level
a - Sandblast             Erth           22%        2d7       6%          1

Your spell library contained the following spells:

 Spells                   Type           Power      Damage    Failure   Level
 Passwall                 Tmut/Erth      5%         N/A       14%         2
 Stone Arrow              Conj/Erth      12%        3d7       32%         3
 Petrify                  Tmut/Erth      7%         N/A       67%         4


Dungeon Overview and Level Annotations

Branches:
Dungeon (2/15) Zot: 11548

Altars:


Innate Abilities, Weirdness & Mutations

You regenerate magic rapidly.


Message History

You have reached level 2!
Your demonic ancestry asserts itself...
Your magic begins to regenerate rapidly.
Unknown command.
Your magical contamination has completely faded away.
Magic restored.
Key pressed, stopping explore.
HP restored.
Things that are here:
a +0 dagger; a goblin skeleton You see here a jackal skeleton.
You see here a +2 pair of gloves.
Found a dagger.
Found a ring mail.
Found a dagger.
You open the large door.
There is a large open door here.
You now have 14 gold pieces.
d - a scroll labelled QONULU SIOSOTZ You now have 20 gold pieces (gained 6).
You open the large door.
An endoplasm comes into view.
There is a large open door here.
An endoplasm is nearby!
An endoplasm is nearby!
An endoplasm is nearby!
An endoplasm is nearby!
There is a large open door here.
Casting: Sandblast (safe; 6% risk of failure)
Confirm with . or Enter, or press ? or * to list all spells.
Aiming: Sandblast (safe; 6% risk of failure)
Press: ? - help, Shift-Dir - straight line, f - endoplasm
Aim: an endoplasm (asleep, 100% to hit)
The blast of sand hits the endoplasm!
You kill the endoplasm!
Unknown command.
There is an open door here.
There is a staircase leading out of the dungeon here.
Are you sure you want to leave the Dungeon?
This will make you lose the game!
You have escaped!

### #.. ...# #.. ....#
#.. #####+##### #...#
#.. ###.........####...#
#..##...8.....[...##...#
#..#..8...#'#...).[#...#
#..'.....##@##.....'...#
#..'.....##>##.....'...#
#..#......#+#...8..#...#
#..##.).......8...##...#
#..
###.........####...#####
#..
#####+########).......
#.. .).[......... #..
............. ###
########.....


There were no monsters in sight!

Vanquished Creatures
  A ball python (D:1)
  An endoplasm (D:1)
  2 jackals (D:1)
  2 bats (D:1)
  A frilled lizard (D:1)
  A goblin (D:1)
  A kobold (D:1)
9 creatures vanquished.

Notes
Turn   | Place    | Note
-------+----------+-------------------------------------------
     0 | D:1      | protoss039 the Demonspawn Earth Elementalist began the
                  | quest for the Orb.
     0 | D:1      | Reached XP level 1. HP: 13/13 MP: 3/3
     5 | D:1      | You fall into a shaft and drop 1 floor!
   104 | D:1      | Gained mutation: You regenerate magic rapidly. [demonic
                  | ancestry]
   104 | D:1      | Reached XP level 2. HP: 3/20 MP: 1/5
   447 | D:$      | Got out of the dungeon alive.

Illustrated notes

Levels and vault maps discovered:
D:1:      dpeg_arrival_refuge, layout_basic, chequers_ecumenical_altar_simple
D:2:      layout_rooms, uniq_natasha

Action                   || total
-------------------------++-------
Melee: Dagger            ||     6
 Cast: Sandblast         ||    10
  Use: Potion            ||     1
Armor: Robe              ||     4
Dodge: Dodged            ||    14
